 Seeded DCSS version 0.30.1-11-g7821555f0a (webtiles) character file.

Game seed: 6634567628223944250 (custom seed)

4130 fireball365 the Cleaver (level 10, -5/88 HPs)
             Began as a Hill Orc Fighter on Dec 7, 2023.
             Was an Initiate of Gozag.
             Slain by a polar bear (9 damage)
             ... on level 8 of the Dungeon.
             The game lasted 00:14:29 (8763 turns).

fireball365 the Cleaver (Hill Orc Fighter)          Turns: 8763, Time: 00:14:29

Health: -5/88      AC: 10    Str: 24    XL:     10   Next: 27%
Magic:  9/9        EV: 12    Int:  8    God:    Gozag
Gold:   548        SH:  6    Dex: 16    Spells: 9/9 levels left

rFire   . . .        a - +0 war axe (freeze)
rCold   . . .        c - +0 buckler
rNeg    . . .        b - +0 scale mail
rPois   .            e - +2 hat
rElec   .            i - +2 cloak
rCorr   .            (no gloves)
SInv    .            p - +0 pair of boots
Will    .....        (no amulet)
Stlth   +            v - +6 ring of dexterity
HPRegen 0.34/turn    (no ring)
MPRegen 0.11/turn

%: no passive effects
@: corroded
A: low MP 1, sturdy frame 1
a: Renounce Religion, Potion Petition, Call Merchant, Bribe Branch


You were on level 8 of the Dungeon.
You worshipped Gozag.
Gozag was pleased with you.
You visited 2 branches of the dungeon, and saw 9 of its levels.

You collected 668 gold pieces.
You paid 120 gold pieces to Gozag.

Inventory:

Hand Weapons
 a - a +0 war axe of freezing (weapon)
 A - a +0 battleaxe
Missiles
 f - 8 boomerangs
Armour
 b - a +0 scale mail (worn)
 c - a +0 buckler (worn)
 e - a +2 hat (worn)
 i - a +2 cloak (worn)
 p - a +0 pair of boots (worn)
 B - a +0 plate armour
Jewellery
 n - an amulet of magic regeneration
 v - a +6 ring of dexterity (left hand)
 z - a ring of poison resistance
Wands
 g - a wand of polymorph (22)
 w - a wand of paralysis (4)
Scrolls
 j - a scroll of amnesia
 k - 4 scrolls of teleportation
 m - a scroll of enchant armour {unknown}
 o - 2 scrolls of poison
 q - 4 scrolls of identify
 s - a scroll of immolation
 t - a scroll of blinking {unknown}
 u - a scroll of butterflies {unknown}
 y - a scroll of fear
Potions
 d - 5 potions of might
 h - 2 potions of curing
 l - 2 potions of brilliance
 r - 2 potions of cancellation
 x - a potion of berserk rage {unknown}
 C - a potion of flight {unknown}


   Skills:
 + Level 7.8 Fighting
 + Level 13.1 Axes
 + Level 7.7 Armour
 + Level 3.1 Dodging
 + Level 1.4 Stealth
 + Level 5.9 Shields


You had 9 spell levels left.
You didn't know any spells.
Your spell library contained the following spells:

 Spells                   Type           Power      Damage    Failure   Level
 Slow                     Hex            0%         N/A       63%         1
 Sting                    Tmut/Pois      0%         1d3       63%         1
 Cigotuvi's Dreadful Rot  Necr/Pois/Air  0%         N/A       77%         2
 Ensorcelled Hibernation  Hex/Ice        0%         N/A       77%         2
 Passwall                 Tmut/Erth      0%         N/A       77%         2
 Poisonous Vapours        Pois/Air       0%         N/A       77%         2
 Confusing Touch          Hex            0%         N/A       94%         3
 Hailstorm                Conj/Ice       0%         3d3       94%         3
 Portal Projectile        Hex/Tloc       0%         N/A       94%         3
 Swiftness                Air            0%         N/A       94%         3
 Tukima's Dance           Hex            0%         N/A       94%         3
 Vampiric Draining        Necr           0%         2d6       94%         3
 Dispel Undead            Necr           0%         3d6       100%        4
 Ice Form                 Ice/Tmut       0%         N/A       100%        4
 Olgreb's Toxic Radiance  Pois           0%         N/A       100%        4
 Blade Hands              Tmut           0%         N/A       100%        5
 Death Channel            Necr           0%         N/A       100%        6
 Simulacrum               Ice/Necr       Unusable   N/A       N/A         6

Dungeon Overview and Level Annotations

Branches:
Dungeon (8/15)             Temple (1/1) D:4
   Lair: D:8-11

Altars:
Ashenzari
Elyvilon
Fedhas
Gozag
Hepliaklqana
Kikubaaqudgha
Makhleb
Nemelex Xobeh
Qazlal
Ru
Uskayaw
Vehumet
Xom
Zin
The Shining One

Shops:
D:4 =*[(   D:8 (

Annotations:
Temple 2 transporters


Innate Abilities, Weirdness & Mutations

Your magical capacity is low. (-10% MP)
Your movements are slightly less encumbered by armour. (ER -2)


Message History

The polar bear claws you but does no damage.
The polar bear closely misses you.
The electric eel shoots out a bolt of lightning at you!
The bolt of electricity hits the ufetubus!
The ufetubus dies!
The bolt of electricity hits you.
You closely miss the polar bear. You completely miss the acid dragon.
The electric eel shoots out a bolt of lightning at you!
The bolt of electricity hits you. The polar bear closely misses you.
The polar bear completely misses you. You block the polar bear's attack.
The acid dragon spits acid at you. The splash of acid hits you!!
The acid corrodes you!
You hit the polar bear but do no damage.
You slash the acid dragon! You freeze the acid dragon.
You kill the acid dragon!
You closely miss the polar bear.
The electric eel shoots out a bolt of lightning at you!
The bolt of electricity hits you!
* * * LOW HITPOINT WARNING * * *
The polar bear bites you!
* * * LOW HITPOINT WARNING * * *
The polar bear claws you but does no damage.
The polar bear barely misses you.
The electric eel shoots out a bolt of lightning at you!
The bolt of electricity hits you.
* * * LOW HITPOINT WARNING * * *
The polar bear is distracted by your dazzling golden aura.
The polar bear is no longer distracted by gold.
The electric eel shoots out a bolt of lightning at you!
The bolt of electricity hits you!
* * * LOW HITPOINT WARNING * * *
The polar bear bites you.
* * * LOW HITPOINT WARNING * * *
The polar bear claws you.
* * * LOW HITPOINT WARNING * * *
The polar bear closely misses you.
You hit the polar bear but do no damage.
The polar bear bites you!
You die...
Your body crumbles into a pile of gold.

.≈..~.. .............##.###
~~..~.~#.#.....#..#####.#
~...~~~#.#### #..# #.#
..~~~..#.# #..#####.#
...~~~~..# ##........###
.∩..~....# ##.....######.
....~....# ##.......## #..
....~.$$.####.........##.#.
.~~.≈≈~..h@.'.........'. ##
..~~≈≈~..####.........#..#.
..~.~~~..# ###.#....####..
..~~~~~#.# ##...##..## ##.
.~≈≈≈.##.###..§§.########.#
.~≈~~. #.##..§.§..##...#.
.~~.~~ #.###..§§.###.###
~.~~~~ #.# ##.§§.# #.# #.
#########.####.#


You could see a polar bear.

Vanquished Creatures
  7 yaks
  An acid dragon (D:8)
  A water moccasin (D:5)
  A black bear (D:5)
  3 ice beasts
  2 sky beasts (D:7)
  An orc warrior (D:8)
  4 ogres
  3 wolves (D:8)
  A centaur (D:6)
  2 phantoms (D:5)
  3 bullfrogs
  2 kobold brigands
  Blork the orc (D:6)
  3 scorpions
  2 vampire bats (D:3)
  A crimson imp (D:3)
  4 orc priests
  2 hounds
  2 gnoll boudas
  2 iguanas (D:4)
  2 sleepcaps
  4 orc wizards
  A centaur simulacrum (D:8)
  Robin (D:2)
  7 gnolls
  5 adders
  7 white imps
  7 ufetubi
  2 dart slugs
  A worm (D:3)
  18 orcs
  8 bats
  2 bat skeletons (D:3)
  2 bat zombies (D:3)
  5 endoplasms
  3 giant cockroaches
  17 goblins
  4 hobgoblins
  8 jackals
  9 kobolds
  2 quokkas
  9 ball pythons
  8 frilled lizards
  3 rats
183 creatures vanquished.

Vanquished Creatures (others)
  An ufetubus (D:8)
1 creature vanquished.

Grand Total: 184 creatures vanquished

Notes
Turn   | Place    | Note
-------+----------+-------------------------------------------
     0 | D:1      | fireball365 the Hill Orc Fighter began the quest for the
                  | Orb.
     0 | D:1      | Reached XP level 1. HP: 19/19 MP: 1/1
    52 | D:1      | Reached XP level 2. HP: 27/27 MP: 2/2
   228 | D:1      | Reached skill level 3 in Axes
   408 | D:1      | Reached XP level 3. HP: 33/33 MP: 3/3
  1169 | D:2      | Noticed Robin
  1196 | D:2      | Killed Robin
  1197 | D:2      | Reached skill level 4 in Axes
  1197 | D:2      | Reached XP level 4. HP: 30/41 MP: 4/4
  1868 | D:3      | Reached XP level 5. HP: 47/47 MP: 5/5
  1872 | D:3      | Found an ancient bone altar of Kikubaaqudgha.
  1885 | D:3      | Reached skill level 5 in Axes
  2171 | D:3      | Reached XP level 6. HP: 53/55 MP: 6/6
  2246 | D:3      | Found a glowing golden altar of the Shining One.
  2280 | D:3      | Found a burning altar of Makhleb.
  2281 | D:3      | Found a radiant altar of Vehumet.
  2309 | D:3      | Reached skill level 1 in Dodging
  2507 | D:4      | Found Onkoum's Jewellery Shoppe.
  2556 | D:4      | Reached skill level 6 in Axes
  2566 | D:4      | Found a staircase to the Ecumenical Temple.
  2574 | Temple   | Entered the Ecumenical Temple
  2574 | Temple   | Found a transporter.
  2574 | Temple   | Found a transporter.
  2766 | D:4      | Found Kyroxoykk's Armour Emporium.
  2778 | D:4      | Found Ixyedoekh's Weapon Emporium.
  2853 | D:4      | Found a blossoming altar of Fedhas.
  2886 | D:4      | Found a sacrificial altar of Ru.
  2891 | D:4      | Reached skill level 5 in Fighting
  2941 | D:4      | Found a hazy altar of Hepliaklqana.
  2971 | D:4      | Found a broken altar of Ashenzari.
  3063 | D:4      | Found a stormy altar of Qazlal.
  3080 | D:4      | Reached XP level 7. HP: 57/61 MP: 7/7
  3250 | D:4      | Found Zele's Assorted Antiques.
  3299 | D:5      | Entered Level 5 of the Dungeon
  3341 | D:5      | Reached skill level 7 in Axes
  3645 | D:5      | Reached skill level 5 in Armour
  3673 | D:5      | Reached skill level 8 in Axes
  3673 | D:5      | Reached XP level 8. HP: 29/70 MP: 8/8
  4405 | D:5      | Reached skill level 9 in Axes
  5504 | D:6      | Noticed Blork the orc
  5521 | D:6      | Killed Blork the orc
  5544 | D:6      | Gained mutation: Your magical capacity is low. (-10% MP)
                  | [potion of mutation]
  5544 | D:6      | Gained mutation: Your movements are slightly less
                  | encumbered by armour. (ER -2) [potion of mutation]
  6144 | D:7      | Reached skill level 5 in Shields
  6450 | D:7      | Reached skill level 10 in Axes
  6450 | D:7      | Reached XP level 9. HP: 77/77 MP: 8/8
  6514 | D:7      | Reached skill level 1 in Stealth
  6776 | D:7      | Reached skill level 11 in Axes
  7115 | D:7      | Found an opulent altar of Gozag.
  7142 | D:7      | Became a worshipper of Gozag Ym Sagoz the Greedy
  7674 | D:8      | Reached skill level 12 in Axes
  7797 | D:8      | Found Nootizow's Antique Weapon Shop.
  8078 | D:8      | Reached XP level 10. HP: 35/86 MP: 9/9
  8667 | D:8      | Reached skill level 13 in Axes
  8762 | D:8      | HP: 4/88 [polar bear (2)]
  8763 | D:8      | Slain by a polar bear

Illustrated notes

Levels and vault maps discovered:
D:1:      shiori_arrival_maze, layout_basic
D:2:      layout_basic, uniq_robin
D:3:      layout_rooms, grunt_temple_overflow_lords_of_destruction,
          kennysheep_vampire_church, tso_oasis_becter, minmay_tree_intersection,
          kennysheep_donut
D:4:      layout_loops_ring, mainiacjoe_overflow_alcove_4,
          nicolae_overflow_quartered_altars, minmay_temple_entry_slanted,
          serial_shops, nicolae_shop_back_alley_shop,
          nicolae_shop_real_fake_doors, shop, shop, minivault_1
D:5:      kb_forest_paths, layout_basic
D:6:      layout_basic, uniq_blork_the_orc
D:7:      layout_gridville, mainiacjoe_overflow_concentric_impassable
D:8:      nicolae_cairo_tiling, layout_loops_corners, serial_shops, shop, shop,
          serial_ice, serial_ice_b, serial_ice_e, serial_ice_c, serial_ice_g,
          serial_ice_j, serial_ice_m, serial_ice_a, serial_ice_f, serial_ice_o,
          serial_ice_n, minmay_misc_feat_more_columns, grunt_ministairs_8
Temple:   hellmonk_temple_divided_pantheon

Skill      XL: |  1  2  3  4  5  6  7  8  9 10 |
---------------+-------------------------------+-----
Fighting       | 4 5 6 7 |  7.8
Axes           | 3 4 5 6 8 10 12 13 | 13.1
Shields        | 4 5 |  5.9
Dodging        | 1 2 3 |  3.1
Armour         | 4 5 6 7 |  7.7
Stealth        | 1 |  1.4

Action                     |  1- 3 |  4- 6 |  7- 9 | 10-12 || total
---------------------------+-------+-------+-------+-------++-------
  Melee: War axe           |   101 |   182 |   246 |    64 ||   593
    Use: Scroll            |     3 |     4 |     5 |       ||    12
         Potion            |       |       |     3 |       ||     3
 Armour: Scale mail        |    86 |   140 |   137 |    28 ||   391
  Dodge: Dodged            |    77 |   141 |   121 |    34 ||   373
  Block: Buckler           |    37 |    74 |    60 |    11 ||   182
